 Dungeon Crawl Stone Soup version 0.22-a0-601-gb0ed703 (webtiles) character file.

214 Mamutox the Ducker (level 5, 0/53 HPs)
             Began as a Troll Fighter on July 6, 2018.
             Killed from afar by Blork the orc (10 damage)
             ... with a puff of frost
             ... on level 4 of the Dungeon.
             The game lasted 00:07:41 (2436 turns).

Mamutox the Ducker (Troll Fighter)                  Turns: 2436, Time: 00:07:42

Health: 0/53       AC:  5    Str: 24    XL:     5   Next: 59%
Magic:  4/4        EV:  9    Int:  4    God:
Gold:   116        SH:  9    Dex: 10    Spells: 4/4 levels left

rFire    . . .     SeeInvis .   a - +0 flail
rCold    . . .     Gourm    +   c - +0 shield
rNeg     . . .     Faith    .   b - +0 robe
rPois    .         Spirit   .   (helmet restricted)
rElec    .         Reflect  .   (no cloak)
rCorr    .         Harm     .   (gloves unavailable)
MR       .....                  (boots unavailable)
Stlth    +.........             (no amulet)
HPRegen  0.57/turn              (no ring)
MPRegen  0.09/turn              (no ring)

@: no status effects
A: large, unfitting armour, claws 3, fast metabolism 3, gourmand, regeneration
1, shaggy fur 1, tough skin 2
a: no special abilities


You were on level 4 of the Dungeon.
You were very full.

You visited 1 branch of the dungeon, and saw 4 of its levels.

You collected 116 gold pieces.

Inventory:

Hand Weapons
 a - a +0 flail (weapon)
Missiles
 h - 71 stones (quivered)
Armour
 b - a +0 robe (worn)
 c - a +0 shield (worn)
Jewellery
 n - a +1 ring of protection {unknown}
Wands
 o - a wand of polymorph (14)
Scrolls
 g - a scroll of blinking {unknown}
 j - a scroll of magic mapping {unknown}
 l - a scroll of identify {unknown}
 m - 2 scrolls of fear {unknown}
 p - a scroll of remove curse {unknown}
 q - a scroll of teleportation {unknown}
 t - a scroll of enchant armour {unknown}
Potions
 d - 2 potions of might
 e - a potion of agility {unknown}
 i - a potion of curing
 k - 2 potions of degeneration {unknown}
 r - a potion of heal wounds {unknown}
Comestibles
 f - 3 rations


   Skills:
 + Level 3.0 Fighting
 + Level 3.3 Maces & Flails
 + Level 3.4 Dodging
 + Level 3.3 Shields


You had 4 spell levels left.
You didn't know any spells.
Your spell library was empty.

Dungeon Overview and Level Annotations

Branches:
Dungeon (4/15)
 Temple: D:4-7

Altars:
Dithmenos
Gozag
Nemelex Xobeh

Annotations:
D:4 Blork the orc


Innate Abilities, Weirdness & Mutations

You are too large for most types of armour.
You have claws for hands.
Your metabolism is lightning-fast.
You like to eat raw meat.
Your natural rate of healing is unusually fast.
You are covered in fur. (AC +1)
You have very tough skin. (AC +2)


Message History

Blork the orc gestures at you while chanting.
The puff of frost hits you!
* * * LOW HITPOINT WARNING * * *
You see here 18 arrows.
Blork the orc hits you but does no damage.
Blork the orc looks satisfied for a moment.
Blork the orc hits you from afar with a halberd.
* * * LOW HITPOINT WARNING * * *
Blork the orc hits you from afar with a halberd.
* * * LOW HITPOINT WARNING * * *
Blork the orc barely misses you.
Blork the orc gestures at you while chanting.
The magic dart hits you!
* * * LOW HITPOINT WARNING * * *
Blork the orc points at you and mumbles some strange words.
The magic dart hits you!
* * * LOW HITPOINT WARNING * * *
Blork the orc points at you and mumbles some strange words.
The puff of frost hits you!
You die...

# #........# #
#........# ###
#........# ...
#........# #.......[#
#........# #........#
#........######
#######......o..@.(<#
#...........##.####.#
#.#########.##.####.#
#(# #.##....#.# #.#
#.#######.# #.# ...
#.. #.# #.# ### #.#
..# #.# ###


You could see Blork the orc.

Vanquished Creatures
  A hound skeleton (D:4)
  4 gnolls (D:2)
  5 adders
  2 oozes
  A worm (D:2)
  4 dart slugs
  4 leopard geckos
  An orc (D:3)
  A ball python (D:2)
  7 bats
  4 giant cockroaches
  12 goblins
  8 hobgoblins
  14 jackals
  5 frilled lizards
  10 kobolds
  10 rats
93 creatures vanquished.

Notes
Turn   | Place    | Note
-------+----------+-------------------------------------------
     0 | D:1      | Mamutox the Troll Fighter began the quest for the Orb.
     0 | D:1      | Reached XP level 1. HP: 22/22 MP: 0/0
   247 | D:1      | Reached XP level 2. HP: 29/29 MP: 1/1
   430 | D:1      | Reached XP level 3. HP: 32/36 MP: 2/2
  1005 | D:2      | Reached XP level 4. HP: 40/44 MP: 3/3
  1106 | D:2      | Found a shadowy altar of Dithmenos.
  1253 | D:2      | Found a sparkling altar of Nemelex Xobeh.
  1643 | D:3      | Reached XP level 5. HP: 52/52 MP: 4/4
  1662 | D:3      | Found an opulent altar of Gozag.
  2374 | D:4      | Noticed Blork the orc
  2436 | D:4      | Killed from afar by Blork the orc

Vault maps used:
D:1:      tarquinn_simple_flora_water_f, minmay_misc_feat_hallway,
          columned_hall_lemuel
D:2:      lemuel_coloured_pillars_altar, grunt_dithmenos_smoke
D:3:      nicolae_overflow_crystal_walls
D:4:      first_ration, st_stairs_14, uniq_duvessa, uniq_pikel, uniq_natasha,
          uniq_blork_the_orc

Skill      XL: |  1  2  3  4  5 |
---------------+----------------+-----
Maces & Flails | 2 3 |  3.3
Shields        | 3 |  3.3
Dodging        | 3 |  3.4
Fighting       | 3 |  3.0

Action                   |  1- 3 |  4- 6 || total
-------------------------+-------+-------++-------
Melee: Flail             |   154 |   178 ||   332
 Stab: Sleeping          |     1 |       ||     1
  Eat: Chunk             |    14 |    14 ||    28
Armor: Robe              |    61 |    71 ||   132
Dodge: Dodged            |    73 |    75 ||   148
Block: Shield            |    87 |   140 ||   227

Table legend:
 A = Spawn XP
 B = Non-spawn XP
 C = Spawn XP percentage of total XP
 D = Spawn monster count
 E = Non-spawn monster count
 F = Spawn count percentage of total count
 G = Total turns spent on level
                    A         B        C        D         E        F      G
               +---------+---------+-------+---------+---------+-------+---------
         Total |       0 |     306 |   0.0 |       0 |      93 |   0.0 |  2436
               +---------+---------+-------+---------+---------+-------+---------
           D:1 |       0 |      71 |   0.0 |       0 |      37 |   0.0 |   853
           D:2 |       0 |     121 |   0.0 |       0 |      34 |   0.0 |   773
           D:3 |       0 |      82 |   0.0 |       0 |      20 |   0.0 |   678
           D:4 |       0 |      32 |   0.0 |       0 |       2 |   0.0 |   132
               +---------+---------+-------+---------+---------+-------+---------
